 Dungeon Crawl Stone Soup version 0.21-a0-331-gfb491b4 (webtiles) character file.

81 tidbits the Charmwright (level 4, 3/38 HPs)
             Began as a Gnoll Skald on Oct 2, 2017.
             Quit the game on level 3 of the Dungeon.
             The game lasted 00:03:42 (536 turns).

tidbits the Charmwright (Gnoll Skald)                Turns: 536, Time: 00:03:43

Health: 3/38       AC:  5    Str: 13    XL:     4   Next: 40%
Magic:  0/11       EV: 13    Int: 22    God:
Gold:   46         SH:  0    Dex: 20    Spells: 2/13 levels left

rFire    . . .     SeeInvis .   a - +0 war axe
rCold    . . .     Gourm    .   (no shield)
rNeg     . . .     Faith    .   B - +0 ring mail
rPois    .         Spirit   .   (no helmet)
rElec    .         Reflect  .   (no cloak)
rCorr    .         Harm     .   (no gloves)
MR       .....                  (no boots)
Stlth    ..........             (no amulet)
HPRegen  0.12/turn              X - +6 ring of dexterity
MPRegen  0.12/turn              (no ring)

@: confused, brilliant, lethally poisoned (3 -> -23), infused, very slightly
contaminated
A: distributed training, fangs 1, strong nose
a: no special abilities


You were on level 3 of the Dungeon.
You were not hungry.

You visited 1 branch of the dungeon, and saw 3 of its levels.

You collected 46 gold pieces.

Inventory:

Hand Weapons
 a - a +0 war axe (weapon)
 m - a +0 hand axe
Armour
 b - a +0 leather armour
 B - a +0 ring mail (worn)
Jewellery
 X - a +6 ring of dexterity (left hand)
   (You found it on level 1 of the Dungeon)
Scrolls
 j - a scroll of identify {unknown}
 k - a scroll of teleportation
 l - a scroll of noise {unknown}
Potions
 e - a potion of brilliance
Books
 c - a book of Battle

   Spells                             Type                      Level
   a - Infusion                       Charms                       1
   b - Shroud of Golubria             Charms/Translocation         2
   c - Song of Slaying                Charms                       2
   d - Spectral Weapon                Hexes/Charms                 3
   e - Regeneration                   Charms/Necromancy            3
Comestibles
 d - a bread ration
 f - 2 meat rations
 h - 2 chunks of flesh
 i - 4 fruits


   Skills:
 + Level 4.6 Fighting
 + Level 1.1 Short Blades
 + Level 1.1 Long Blades
 + Level 4.6 Axes
 + Level 1.1 Maces & Flails
 + Level 1.1 Polearms
 + Level 1.1 Staves
 + Level 1.1 Slings
 + Level 1.1 Bows
 + Level 1.1 Crossbows
 + Level 1.1 Throwing
 + Level 2.7 Armour
 + Level 4.6 Dodging
 + Level 1.1 Stealth
   Level 0.0 Stabbing
 + Level 1.1 Shields
   Level 0.0 Traps
 + Level 1.1 Unarmed Combat
 + Level 5.0 Spellcasting
 + Level 1.1 Conjurations
 + Level 1.1 Hexes
 + Level 6.6 Charms
 + Level 1.1 Summonings
 + Level 1.1 Necromancy
 + Level 1.1 Translocations
 + Level 1.1 Transmutations
 + Level 1.1 Fire Magic
 + Level 1.1 Ice Magic
 + Level 1.1 Air Magic
 + Level 1.1 Earth Magic
 + Level 1.1 Poison Magic
 + Level 1.1 Invocations
 + Level 1.1 Evocations


You had 2 spell levels left.
You knew the following spells:

 Your Spells              Type           Power        Failure   Level  Hunger
g - Shroud of Golubria    Chrm/Tloc      #####.....   1%          2    None
i - Infusion              Chrm           ####         1%          1    None
r - Regeneration          Chrm/Necr      #####.....   1%          3    ##.....
w - Spectral Weapon       Hex/Chrm       #####...     1%          3    ##.....
y - Song of Slaying       Chrm           #####...     1%          2    None


Dungeon Overview and Level Annotations

Branches:
Dungeon (3/15)

Altars:

Annotations:
D:3 Sigmund


Innate Abilities, Weirdness & Mutations

Your experience applies equally to all skills.
You have very sharp teeth.
Your uncanny sense of smell can sniff out nearby items.


Message History

Casting: Spectral Weapon
Confirm with . or Enter, or press ? or * to list all spells.
You begin infusing your attacks with magical energy.
Natasha hisses angrily.
You hear a bark! 2 jackals come into view.
It was a potion of brilliance.
You feel clever all of a sudden.
As you read the scroll labeled GOALEM PASI, it crumbles to dust.
You feel strangely unstable.
It was a scroll of teleportation.
You hear the slow rusting of a distant drain.
Natasha casts a spell at you. You resist with significant effort.
Unknown command.
A jackal comes into view.
Natasha mumbles some strange words.
You feel troubled. Natasha misses you.
A jackal comes into view.
The jackal barks!
You slash Natasha!
You kill Natasha!
Natasha growls in agony!
You have reached level 4!
You feel clever.
An adder comes into view.
The jackal closely misses you.
You closely miss the jackal.
The adder hisses angrily.
You hit the jackal. x2
Your surroundings suddenly seem different.
You hear a zap.
You hear a grinding noise.
Found a metallic purple potion and a scroll labeled SOSHUV RIOG.
Found an escape hatch in the ceiling.
A ball python and Sigmund come into view.
Sigmund is wielding a scythe of venom.
Unknown command.
It was a potion of curing.
You feel better.
A bat comes into view.
Sigmund shouts!
The ball python hisses angrily.
An adder comes into view.
Sigmund hits you but does no damage.
You are poisoned.
You see here a scroll labeled SOSHUV RIOG.
You hit the ball python.
The ball python is severely wounded.
You feel sick.
The ball python bites you but does no damage.
The ball python closely misses you. Sigmund misses you.
You closely miss the ball python.
The ball python is severely wounded.
The ball python bites you but does no damage.
The ball python grabs you. The ball python constricts you.
The ball python closely misses you. The ball python constricts you.
Sigmund hits you from afar with a scythe of venom!
You are more poisoned.
A giant cockroach comes into view.
You escape the ball python's grasp.
You feel sick. The adder closely misses you.
Okay, then.
You slash Sigmund!
Sigmund is moderately wounded.
You hit the adder. You closely miss the ball python.
You feel sick. The ball python closely misses you. The ball python grabs you.
The ball python constricts you. The adder barely misses you.
Sigmund closely misses you.
The ball python bites you but does no damage.
The ball python constricts you. The adder closely misses you.
You hit Sigmund. You bite Sigmund, but do no damage.
Sigmund is heavily wounded.
You hit the adder. You closely miss the ball python.
You feel sick. The adder closely misses you.
The ball python bites you but does no damage.
* * * LOW HITPOINT WARNING * * *
The ball python constricts you.
Sigmund hits you with a scythe of venom!
* * * LOW HITPOINT WARNING * * *
You are more poisoned.
You closely miss Sigmund.
Sigmund is heavily wounded.
You hit the bat. You hit the ball python.
You kill the ball python!
You barely miss the adder.
* * * LOW HITPOINT WARNING * * *
You feel very sick. The bat hits you.
* * * LOW HITPOINT WARNING * * *
The adder barely misses you. The adder closely misses you.
Sigmund points at you and mumbles some strange words.
You are confused.
* * * LOW HITPOINT WARNING * * *
You feel sick. The bat hits you.
* * * LOW HITPOINT WARNING * * *
The adder bites you.
* * * LOW HITPOINT WARNING * * *
The giant cockroach bites you but does no damage.
Sigmund gestures at you while chanting. The puff of flame misses you.
You see here a ball python corpse.
Unknown command.
Are you sure you want to abandon this character and quit the game? (Confirm with "yes".)

.. ...... #.
...... #.
......
##.###......
#...........
#.......<#
#.@.Ss...#
#.b.@....#
#...?....#
#.......!#####
#.............
#........#####
#........#
#........#
##########


You could see Sigmund, an adder, a giant cockroach and a bat.

Vanquished Creatures
  Natasha (D:3)
  2 worms (D:2)
  2 dart slugs (D:1)
  2 leopard geckos
  3 orcs (D:3)
  6 bats
  2 giant cockroaches
  5 goblins
  6 hobgoblins
  2 quokkas (D:3)
  A ball python (D:3)
  3 frilled lizards
  2 kobolds (D:1)
  4 rats
41 creatures vanquished.

Notes
Turn   | Place    | Note
-------+----------+-------------------------------------------
     0 | D:1      | tidbits the Gnoll Skald began the quest for the Orb.
     0 | D:1      | Reached XP level 1. HP: 20/20 MP: 6/6
   103 | D:2      | Reached XP level 2. HP: 26/26 MP: 1/7
   107 | D:2      | Learned a level 2 spell: Song of Slaying
   110 | D:2      | Learned a level 2 spell: Shroud of Golubria
   201 | D:1      | Reached XP level 3. HP: 8/31 MP: 3/9
   214 | D:1      | Learned a level 3 spell: Regeneration
   218 | D:1      | Learned a level 3 spell: Spectral Weapon
   235 | D:1      | Reached skill level 5 in Spellcasting
   447 | D:2      | Reached skill level 1 in Short Blades
   447 | D:2      | Reached skill level 1 in Long Blades
   447 | D:2      | Reached skill level 1 in Maces & Flails
   447 | D:2      | Reached skill level 1 in Polearms
   447 | D:2      | Reached skill level 1 in Staves
   447 | D:2      | Reached skill level 1 in Slings
   447 | D:2      | Reached skill level 1 in Bows
   447 | D:2      | Reached skill level 1 in Crossbows
   447 | D:2      | Reached skill level 1 in Throwing
   447 | D:2      | Reached skill level 1 in Stealth
   447 | D:2      | Reached skill level 1 in Shields
   447 | D:2      | Reached skill level 1 in Unarmed Combat
   447 | D:2      | Reached skill level 1 in Conjurations
   447 | D:2      | Reached skill level 1 in Hexes
   447 | D:2      | Reached skill level 1 in Summonings
   447 | D:2      | Reached skill level 1 in Necromancy
   447 | D:2      | Reached skill level 1 in Translocations
   447 | D:2      | Reached skill level 1 in Transmutations
   447 | D:2      | Reached skill level 1 in Fire Magic
   447 | D:2      | Reached skill level 1 in Ice Magic
   447 | D:2      | Reached skill level 1 in Air Magic
   447 | D:2      | Reached skill level 1 in Earth Magic
   447 | D:2      | Reached skill level 1 in Poison Magic
   447 | D:2      | Reached skill level 1 in Invocations
   447 | D:2      | Reached skill level 1 in Evocations
   514 | D:3      | Noticed Natasha
   523 | D:3      | Killed Natasha
   523 | D:3      | Reached XP level 4. HP: 33/38 MP: 0/11
   526 | D:3      | Noticed Sigmund
   535 | D:3      | HP: 3/38 [adder (2)]
   536 | D:3      | Quit the game

Vault maps used:
D:1:      minmay_arrival_shattered_statue, st_stairs_9
D:2:      feat_on_display
D:3:      cheibrodos_sewer_entry_drain, makhleb_altar_promises_db, uniq_sigmund,
          uniq_natasha

Skill      XL: |  1  2  3 |
---------------+----------+-----
Spellcasting   | 5 |  5.0
Short Blades   | 1 |  1.1
Long Blades    | 1 |  1.1
Maces & Flails | 1 |  1.1
Polearms       | 1 |  1.1
Staves         | 1 |  1.1
Slings         | 1 |  1.1
Bows           | 1 |  1.1
Crossbows      | 1 |  1.1
Throwing       | 1 |  1.1
Stealth        | 1 |  1.1
Shields        | 1 |  1.1
Unarmed Combat | 1 |  1.1
Conjurations   | 1 |  1.1
Hexes          | 1 |  1.1
Summonings     | 1 |  1.1
Necromancy     | 1 |  1.1
Translocations | 1 |  1.1
Transmutations | 1 |  1.1
Fire Magic     | 1 |  1.1
Ice Magic      | 1 |  1.1
Air Magic      | 1 |  1.1
Earth Magic    | 1 |  1.1
Poison Magic   | 1 |  1.1
Invocations    | 1 |  1.1
Evocations     | 1 |  1.1
Fighting       | |  4.6
Axes           | |  4.6
Armour         | |  2.7
Dodging        | |  4.6
Charms         | |  6.6

Action                   |  1- 3 |  4- 6 || total
-------------------------+-------+-------++-------
Melee: Hand axe          |    75 |       ||    75
       Bite              |     7 |     1 ||     8
       War axe           |    11 |     6 ||    17
       Punch             |     1 |       ||     1
 Cast: Infusion          |     8 |       ||     8
       Song of Slaying   |     4 |       ||     4
       Regeneration      |     2 |       ||     2
  Use: Potion            |     1 |     1 ||     2
       Scroll            |     1 |       ||     1
 Stab: Sleeping          |     1 |       ||     1
Armor: Leather armour    |     9 |       ||     9
       Ring mail         |    12 |     6 ||    18
Dodge: Dodged            |    54 |    13 ||    67

Table legend:
 A = Spawn XP
 B = Non-spawn XP
 C = Spawn XP percentage of total XP
 D = Spawn monster count
 E = Non-spawn monster count
 F = Spawn count percentage of total count
 G = Total turns spent on level
                    A         B        C        D         E        F      G
               +---------+---------+-------+---------+---------+-------+---------
         Total |       0 |     116 |   0.0 |       0 |      41 |   0.0 |   536
               +---------+---------+-------+---------+---------+-------+---------
           D:1 |       0 |      34 |   0.0 |       0 |      20 |   0.0 |   261
           D:2 |       0 |      25 |   0.0 |       0 |      10 |   0.0 |   141
           D:3 |       0 |      57 |   0.0 |       0 |      11 |   0.0 |   134
               +---------+---------+-------+---------+---------+-------+---------

Table legend:
 A = Turns spent in this place as a percentage of turns spent in the entire game.
 B = Non-inter-level travel turns spent in this place as a percentage of non-inter-level travel turns spent in the entire game.
 C = Inter-level travel turns spent in this place as a percentage of turns spent in this place.
 D = Turns resting spent in this place as a percentage of non-inter-level travel turns spent in this place.
 E = Turns spent auto-exploring this place as a percentage of non-inter-level travel turns spent in this place.
 F = Non-inter-level travel turns spent in this place divided by the number of levels of this place that you've seen.
                   A       B       C       D       E      F
               +-------+-------+-------+-------+-------+----------------------
         Total | 100.0 | 100.0 |   0.0 |   0.0 |   0.0 | 178.7
       Dungeon | 100.0 | 100.0 |   0.0 |   0.0 |   0.0 | 178.7
               +-------+-------+-------+-------+-------+----------------------

Table legend:
 A = Kills in this place as a percentage of kills in entire the game.
 B = Kills by you in this place as a percentage of kills by you in the entire game.
 C = Kills by friends in this place as a percentage of kills by friends in the entire game.
 D = Other kills in this place as a percentage of other kills in the entire game.
 E = Experience gained in this place as a percentage of experience gained in the entire game.
 F = Experience gained in this place divided by the number of levels of this place that you have seen.
                   A       B       C       D       E      F
               +-------+-------+-------+-------+-------+----------------------
         Total | 100.0 | 100.0 |   N/A |   N/A | 100.0 |  38.7
       Dungeon | 100.0 | 100.0 |   N/A |   N/A | 100.0 |  38.7
               +-------+-------+-------+-------+-------+----------------------

Vault maps used:
D:1:      minmay_arrival_shattered_statue, st_stairs_9
D:2:      feat_on_display
D:3:      cheibrodos_sewer_entry_drain, makhleb_altar_promises_db, uniq_sigmund,
          uniq_natasha
